 Dungeon Crawl Stone Soup version 0.29.1-1-gd02db6906a (webtiles) character file.

Game seed: 688508019499480630

525 Demigod47 the Cudgeller (level 7, -1/61 HPs)
             Began as a Minotaur Fighter on Oct 11, 2022.
             Slain by an unseen horror (2 damage)
             ... on level 5 of the Dungeon.
             The game lasted 00:08:03 (4246 turns).

Demigod47 the Cudgeller (Minotaur Fighter)          Turns: 4246, Time: 00:08:04

Health: -1/61      AC: 12    Str: 22 (23) XL:     7   Next: 2%
Magic:  6/6        EV:  6    Int:  5      God:
Gold:   257        SH:  4    Dex:  7 (9)  Spells: 6/6 levels left

rFire   + . .      SeeInvis .   a - +0 flail
rCold   . . .      Faith    .   c - +0 buckler
rNeg    . . .      Spirit   .   j - +0 plate armour
rPois   .          Reflect  .   (helmet restricted)
rElec   .          Harm     .   (no cloak)
rCorr   .          Rampage  .   (no gloves)
Will    .....                   (no boots)
Stlth   ..........              (no amulet)
HPRegen 0.20/turn               g - +4 ring of slaying
MPRegen 0.10/turn               r - ring of protection from fire

@: no status effects
A: horns 2, retaliatory headbutt, mutation resistance 1
a: no special abilities


You were on level 5 of the Dungeon.
You visited 1 branch of the dungeon, and saw 5 of its levels.
You also visited: Ossuary.

You collected 257 gold pieces.

Inventory:

Hand Weapons
 a - a +0 flail (weapon)
Missiles
 s - a throwing net (quivered)
Armour
 b - a +0 scale mail
 c - a +0 buckler (worn)
 j - a +0 plate armour (worn)
Jewellery
 g - a +4 ring of slaying (left hand)
 r - a ring of protection from fire (right hand)
Wands
 n - a wand of flame (21)
Scrolls
 f - 3 scrolls of teleportation
 h - a scroll of noise
 l - 2 scrolls of butterflies
 q - a scroll of blinking {unknown}
 u - a scroll of brand weapon {unknown}
Potions
 d - a potion of might
 e - a potion of flight {unknown}
 i - 2 potions of berserk rage {unknown}
 k - a potion of haste
 m - 3 potions of curing
 o - a potion of ambrosia {unknown}


   Skills:
 + Level 5.3 Fighting
 + Level 6.6 Maces & Flails
 + Level 5.0 Armour
 + Level 1.8 Dodging
 + Level 0.1 Stealth
 + Level 4.5 Shields


You had 6 spell levels left.
You didn't know any spells.
Your spell library contained the following spells:

 Spells                   Type           Power      Damage    Failure   Level
 Foxfire                  Conj/Fire      0%         2x1d4     100%        1
 Magic Dart               Conj           0%         1d3       100%        1
 Call Imp                 Summ           0%         N/A       100%        2
 Conjure Flame            Conj/Fire      0%         6-21      100%        3
 Gell's Gravitas          Tloc           0%         N/A       100%        3
 Ignite Poison            Fire/Tmut/Pois 0%         N/A       100%        3
 Inner Flame              Hex/Fire       0%         N/A       100%        3
 Lesser Beckoning         Tloc           0%         N/A       100%        3
 Mephitic Cloud           Conj/Pois/Air  0%         N/A       100%        3
 Teleport Other           Tloc           0%         N/A       100%        3
 Flame Wave               Conj/Fire      0%         2d4       100%        4
 Sticky Flame             Conj/Fire      0%         2d3       100%        4


Dungeon Overview and Level Annotations

Branches:
Dungeon (5/15)            Ossuary (visited)
 Temple: D:4-7

Altars:
Ashenzari
Kikubaaqudgha
Makhleb
Qazlal
Trog


Innate Abilities, Weirdness & Mutations

You have a pair of horns on your head.
You reflexively headbutt those who attack you in melee.
You are somewhat resistant to further mutation.


Message History

A quokka comes into view.
The ogre completely misses you.
You thump the ogre!
You kill the ogre!
Something hits you but does no damage.
You feel your intelligence returning.
Your Fighting skill increases to level 5!
You have reached level 7!
You barely miss the quokka. You headbutt the quokka.
You kill the quokka!
Something completely misses you. Something hits you!
* * * LOW HITPOINT WARNING * * *
Something hits you.
* * * LOW HITPOINT WARNING * * *
You see here a +0 giant club.
You closely miss something. Something hits you but does no damage.
Unknown command.
Unknown command.
You start resting.
Something hits you but does no damage.
Okay, then.
As you read the scroll of teleportation, it crumbles to dust.
You feel strangely unstable. Something hits you.
* * * LOW HITPOINT WARNING * * *
Something hits you.
* * * LOW HITPOINT WARNING * * *
You can't see any enemies this would affect, really read the scroll of fear?
As you read the scroll of fear, it crumbles to dust.
You assume a fearsome visage.
Your surroundings suddenly seem different.
You start resting.
Something hits you but does no damage.
You start resting.
Something hits you but does no damage. Something hits you.
* * * LOW HITPOINT WARNING * * *
Something hits you.
* * * LOW HITPOINT WARNING * * *
You sock something! Your headbutt misses something. Something hits you.
You die...

.......# . #...# #......#.
..#...# #........ #.#...#
#.....# ..#...###+####
#.....# #.#...##.....#
####)....# ##.#...##.....#
...#))...# ..#...##.....#
...#.....#.#####.#..)##.....#
...)...........$@#..))......#
...)........####.#.)#########
..).........####....#########
..†..............##.........#
..........#.###..##.........#
###########......##......)..#
..# ####.##.######### #.#
#######.##.# #.# ...........#


There were no monsters in sight!

Vanquished Creatures
  An ogre (D:5)
  A howler monkey (D:4)
  A centaur zombie (Ossuary)
  A gnoll bouda (D:5)
  Terence (D:3)
  2 orc wizards (D:3)
  An iguana (D:5)
  3 mummies
  3 gnolls (D:5)
  2 adders (D:3)
  2 adder zombies (Ossuary)
  A worm (D:4)
  6 dart slugs
  12 orcs
  8 ball pythons
  6 endoplasms
  2 giant cockroaches
  6 goblins
  13 hobgoblins
  6 quokkas
  4 bats
  4 frilled lizards
  3 goblin zombies
  7 hobgoblin zombies (Ossuary)
  12 kobolds
  12 kobold zombies (Ossuary)
  12 orc zombies
  10 rats
  2 rat zombies (Ossuary)
144 creatures vanquished.

Vanquished Creatures (others)
  A fungus (D:4)
1 creature vanquished.

Grand Total: 145 creatures vanquished

Notes
Turn   | Place    | Note
-------+----------+-------------------------------------------
     0 | D:1      | Demigod47 the Minotaur Fighter began the quest for the Orb.
     0 | D:1      | Reached XP level 1. HP: 19/19 MP: 0/0
   121 | D:1      | Reached XP level 2. HP: 27/27 MP: 1/1
   488 | D:1      | Reached XP level 3. HP: 33/33 MP: 2/2
  1046 | D:2      | Found a faded altar of an unknown god.
  1189 | D:2      | Reached skill level 3 in Maces & Flails
  1410 | D:2      | Reached XP level 4. HP: 40/40 MP: 3/3
  1880 | D:3      | Reached skill level 4 in Maces & Flails
  1957 | D:3      | Reached XP level 5. HP: 47/47 MP: 4/4
  2246 | D:3      | Found a bloodstained altar of Trog.
  2412 | D:3      | Noticed Terence
  2420 | D:3      | Killed Terence
  2421 | D:3      | Reached skill level 1 in Dodging
  2496 | D:3      | Found a stormy altar of Qazlal.
  2530 | D:3      | Found a burning altar of Makhleb.
  2820 | D:3      | Gained mutation: You possess an exceptional clarity of
                  | mind. [potion of mutation]
  2820 | D:3      | Gained mutation: You are dopey. (Int -2) [potion of
                  | mutation]
  2820 | D:3      | Gained mutation: You are frail. (-10% HP) [potion of
                  | mutation]
  2894 | D:4      | Found a sand-covered staircase.
  2899 | Ossuary  | Entered an ossuary
  2913 | Ossuary  | Reached skill level 5 in Maces & Flails
  3064 | Ossuary  | Reached XP level 6. HP: 41/47 MP: 5/5
  3285 | Ossuary  | Lost mutation: You possess an exceptional clarity of mind.
                  | [potion of mutation]
  3285 | Ossuary  | Lost mutation: You are frail. (-10% HP) [potion of
                  | mutation]
  3285 | Ossuary  | Lost mutation: You are dopey. (Int -2) [potion of mutation]
  3285 | Ossuary  | Gained mutation: You expend magic power (3 MP) to
                  | strengthen your wands. [potion of mutation]
  3285 | Ossuary  | Gained mutation: You are strong-willed. (Will+) [potion of
                  | mutation]
  3286 | Ossuary  | Lost mutation: You expend magic power (3 MP) to strengthen
                  | your wands. [potion of mutation]
  3286 | Ossuary  | Lost mutation: You are strong-willed. (Will+) [potion of
                  | mutation]
  3286 | Ossuary  | Gained mutation: You are dopey. (Int -2) [potion of
                  | mutation]
  3286 | Ossuary  | Gained mutation: Your body sometimes deteriorates upon
                  | taking damage. [potion of mutation]
  3287 | Ossuary  | Lost mutation: You are dopey. (Int -2) [potion of mutation]
  3287 | Ossuary  | Lost mutation: Your body sometimes deteriorates upon taking
                  | damage. [potion of mutation]
  3287 | Ossuary  | Gained mutation: You are somewhat resistant to further
                  | mutation. [potion of mutation]
  3479 | D:4      | Found an ancient bone altar of Kikubaaqudgha.
  3589 | D:4      | Found a broken altar of Ashenzari.
  4017 | D:5      | Entered Level 5 of the Dungeon
  4041 | D:5      | Reached skill level 6 in Maces & Flails
  4211 | D:5      | Reached skill level 5 in Armour
  4222 | D:5      | Reached skill level 5 in Fighting
  4222 | D:5      | Reached XP level 7. HP: 11/61 MP: 6/6
  4222 | D:5      | HP: 3/61 [something (8)]
  4228 | D:5      | HP: 2/61 [something (1)]
  4243 | D:5      | HP: 2/61 [something (2)]
  4246 | D:5      | Slain by an unseen horror

Illustrated notes

Levels and vault maps discovered:
D:1:      dpeg_arrival_long_road, layout_basic
D:2:      layout_loops_ring, basic_ecumenical_altar
D:3:      layout_basic, trog_butcher_becter, mainiacjoe_overflow_two_lobes,
          minmay_misc_feat_iff, uniq_terence
D:4:      layout_loops_ring, nicolae_kikubaaqudgha_miasma_corner,
          cheibrodos_ashenzari_chains, serial_aquarium, aquarium_bridge_straight
          [aquarium_subvault_bridge, aquarium_subvault_wall,
          aquarium_subvault_bridge, aquarium_subvault_window],
          aquarium_window_2, aquarium_window_fake, aquarium_view_2c,
          nicolae_ossuary_entry_giza
D:5:      layout_basic

Skill      XL: |  1  2  3  4  5  6 |
---------------+-------------------+-----
Fighting       | 4 5 |  5.3
Armour         | 4 5 |  5.0
Shields        | 4 |  4.5
Maces & Flails | 3 4 5 6 |  6.6
Dodging        | 1 |  1.8
Stealth        | |  0.1

Action                   |  1- 3 |  4- 6 |  7- 9 || total
-------------------------+-------+-------+-------++-------
Melee: Flail             |    72 |   170 |     3 ||   245
       Headbutt          |    12 |    28 |     1 ||    41
  Use: Potion            |       |     7 |       ||     7
       Scroll            |       |     4 |     2 ||     6
Armor: Scale mail        |    37 |       |       ||    37
       Plate armour      |    21 |   112 |     4 ||   137
Dodge: Dodged            |    52 |    49 |     1 ||   102
Block: Buckler           |    33 |    39 |       ||    72
